 Dungeon Crawl Stone Soup version 0.19-a0-1803-g97ff39f (webtiles) character file.

101 Naow the Chopper (level 4, -1/40 HPs)
             Began as a Minotaur Berserker on Oct 5, 2016.
             Was a Believer of Trog.
             Slain by a gnoll
             ... wielding a +0 spear
              (6 damage)
             ... on level 3 of the Dungeon.
             The game lasted 00:01:52 (1459 turns).

Naow the Chopper (Minotaur Berserker)               Turns: 1459, Time: 00:01:53

Health: -1/40      AC:  5    Str: 21    XL:     4   Next: 48%
Magic:  3/3        EV: 12    Int:  5    God:    Trog [**....]
Gold:   187        SH:  0    Dex: 10    Spells: 0 memorised, 3 levels left

rFire  . . .     SeeInvis .     a - +0 hand axe
rCold  . . .     Gourm    .     b - +0 animal skin
rNeg   . . .     Faith    .     (no shield)
rPois  .         Spirit   .     (helmet restricted)
rElec  .         Dismiss  .     n - +2 cloak
rCorr  .         Reflect  .     (no gloves)
MR     .....     Harm     .     (no boots)
Stlth  +.........               (no amulet)
                                (no ring)
                                (no ring)

@: no status effects
A: retaliatory headbutt, horns 2
a: Berserk, Trog's Hand, Burn Spellbooks, Renounce Religion


You were on level 3 of the Dungeon.
You worshipped Trog.
Trog was pleased with you.
You were not hungry.

You visited 1 branch of the dungeon, and saw 3 of its levels.

You collected 187 gold pieces.

Inventory:

Hand Weapons
 a - a +0 hand axe (weapon)
Armour
 b - a +0 animal skin (worn)
 n - a +2 cloak (worn)
Scrolls
 d - a scroll of identify {unknown}
 e - a scroll of random uselessness {unknown}
 i - 2 scrolls of fog {unknown}
 j - 2 scrolls of teleportation {unknown}
 k - a scroll of immolation {unknown}
 o - a scroll of blinking {unknown}
Potions
 h - a potion of brilliance {unknown}
 l - a potion of cancellation {unknown}
 p - a potion of flight {unknown}
 q - a potion of magic {unknown}
 r - 2 potions of curing {unknown}
 s - a potion of invisibility {unknown}
Comestibles
 c - 3 bread rations
 f - 4 chunks of flesh
 g - a meat ration
 m - 2 beef jerkies


   Skills:
 - Level 4.0 Fighting
 + Level 6.0 Axes
 - Level 2.6 Armour
 - Level 2.2 Dodging


You had 3 spell levels left.
You didn't know any spells.

Dungeon Overview and Level Annotations

Branches:
Dungeon (3/15)

Altars:
Fedhas
Hepliaklqana
Makhleb
Sif Muna
Vehumet


Innate Abilities, Weirdness & Mutations

You reflexively headbutt those who attack you in melee.
You have a pair of horns on your head.


Message History

You start eating one of the 5 chunks of flesh.
You continue eating. x2
You finish eating.
This raw flesh tastes terrible.
You feel yourself speed up.
You start resting.
You feel less exhausted.
You start resting.
A gnoll comes into view. It is wielding a spear.
The gnoll shouts!
You see here an adder skeleton.
The gnoll barely misses you.
Things that are here:
a flail; a throwing net The gnoll hits you with a spear!
* * * LOW HITPOINT WARNING * * *
Found a stone staircase leading down.
You hit the gnoll.
The gnoll is moderately wounded.
The gnoll hits you with a spear.
You die...

>..# ...# ### ...# ###.#
...# #<..# ...# ###(#
...# #.# ##########...#
#.# #.(....รท)@g..# #.#
#.#####################.#
#.# #>.....#......# #.#
###.####.#.##...# #.#
#...# #.#.##.#.# #.#
#.### #.#.##.#.# #.# #.#
#.#.##.#.# #.#######.#
#.#....#.# #.........#
#.######.#


You could see a gnoll.

Vanquished Creatures
  3 gnolls (D:3)
  2 adders
  2 worms (D:2)
  An orc (D:2)
  A giant cockroach (D:2)
  6 goblins
  5 hobgoblins
  2 jackals (D:2)
  10 kobolds
  8 bats
  2 frilled lizards
  7 rats
49 creatures vanquished.

Notes
Turn   | Place    | Note
-------+----------+-------------------------------------------
     0 | D:1      | Naow the Minotaur Berserker began the quest for the Orb.
     0 | D:1      | Reached XP level 1. HP: 19/19 MP: 0/0
    90 | D:1      | Reached XP level 2. HP: 19/27 MP: 1/1
   176 | D:1      | Reached skill level 4 in Axes
   459 | D:2      | Reached ** piety under Trog
   459 | D:2      | Reached XP level 3. HP: 23/33 MP: 2/2
   724 | D:2      | Found a hazy altar of Hepliaklqana.
   732 | D:2      | Found a blossoming altar of Fedhas.
   732 | D:2      | Found a deep blue altar of Sif Muna.
   733 | D:2      | Found a radiant altar of Vehumet.
   754 | D:2      | Reached skill level 5 in Axes
   790 | D:2      | Found a burning altar of Makhleb.
  1371 | D:3      | Reached XP level 4. HP: 38/40 MP: 3/3
  1390 | D:3      | Reached skill level 6 in Axes
  1459 | D:3      | Slain by a gnoll

Vault maps used:
D:1:      dpeg_arrival_tiny_k, dk_noncrumbling_4
D:2:      overflow_temple_1_default, grunt_temple_overflow_open, serial_glass,
          glass_columns_c, glass_columns_a, item_on_display_a,
          serial_park_tiny_2, lemuel_another_geyser
D:3:      old_standard_altar, nicolae_ru_sacrificial_ziggurat

Skill      XL: |  1  2  3  4 |
---------------+-------------+-----
Fighting       | 4 |  4.0
Axes           | 4 5 6 |  6.0
Armour         | |  2.6
Dodging        | |  2.2

Action                   |  1- 3 |  4- 6 || total
-------------------------+-------+-------++-------
Melee: Hand axe          |   102 |    18 ||   120
       Headbutt          |     8 |       ||     8
Invok: Berserk           |       |     1 ||     1
  Eat: Chunk             |     1 |     2 ||     3
Armor: Animal skin       |    22 |     1 ||    23
Dodge: Dodged            |    63 |     7 ||    70
